Map: Chantier naval orbital

Players

ByRada - Winner!

  • Race: Zerg Zerg
  • League: Diamond

Nathanias

  • Race: Terran Terran
  • League: Grandmaster

Event: NationWars III

VOD

Have the link to the VOD?

Description

Time

  • Played on: Nov. 19, 2015, 3:07 p.m.
  • Length: 11:47
Show
View Real Time Build Order
Export as new Build Order

ByRada Zerg - Winner!

Build Orders: Hatch First, Muta Ling Bane 

Get SALT Encoding   

  12  0:02  Drone  
  13  0:08  Drone  
  14  0:17  Overlord  
  14  0:24  Drone, Extractor  
  16  0:35  Drone x2  
  17  0:53  Hatchery  
  17  0:55  Drone  
  17  0:59  Drone  
  18  1:13  Spawning Pool  
  18  1:15  Drone  
  18  1:18  Drone  
  18  1:21  Extractor  
  18  1:29  Drone  
  19  1:39  Overlord  
  19  1:51  Drone  
  20  2:00  Queen  
  20  2:01  Zergling x2  
  23  2:04  Queen  
  23  2:05  Zergling x2  
  26  2:12  Drone  
  27  2:16  Drone  
  27  2:22  Overlord  
  28  2:28  Drone  
  29  2:33  Drone  
  29  2:36  Queen  
  32  2:39  Drone  
  32  2:41  Metabolic Boost  
  33  2:48  Drone  
  33  2:49  Drone  
  35  2:57  Drone  
  36  3:03  Drone  
  36  3:05  Drone  
  38  3:09  Drone x3  
  41  3:13  Spore Crawler  
  39  3:21  Extractor  
  39  3:26  Zergling x8  
  43  3:36  Overlord  
  43  3:40  Overlord  
  43  3:52  Overlord  
  43  3:56  Roach Warren, Zergling x2  
  43  3:57  Zergling x14  
  42  4:25  Drone x2  
  42  4:27  Zergling x4  
  39  4:35  Queen  
  39  4:36  Roach x4  
  49  4:40  Queen  
  49  4:43  Roach  
  51  4:50  Roach  
  51  4:54  Roach  
  51  4:57  Extractor  
  51  4:58  Roach x3  
  55  5:02  Hatchery  
  55  5:04  Roach  
  54  5:12  Ravager x3  
  57  5:17  Queen  
  59  5:28  Drone x3  
  58  5:32  Drone x3  
  61  5:44  Drone x4  
  61  5:49  Evolution Chamber  
  64  5:53  Drone x4  
  64  5:55  Lair  
  64  5:56  Extractor  
  67  6:01  Ravager  
  68  6:10  Spore Crawler  
  65  6:17  Drone  
  65  6:18  Drone x2  
  68  6:21  Ravager  
  68  6:24  Overlord  
  68  6:29  Drone x2  
  68  6:30  Drone x4  
  74  6:40  Overlord x2  
  74  6:42  Extractor  
  74  6:43  Queen  
  75  6:49  Overlord x2  
  75  6:51  Drone x4  
  79  6:55  Spire  
  79  7:01  Drone x3  
  79  7:04  Baneling Nest  
  79  7:05  Extractor  
  79  7:07  Extractor  
  76  7:13  Drone x5  
  81  7:16  Drone  
  81  7:17  Zerg Melee Weapons Level 1  
  81  7:20  Overseer  
  82  7:25  Drone x3  
  85  7:37  Drone x3  
  88  7:45  Zergling x6  
  88  7:46  Zergling x2  
  88  7:48  Overlord  
  88  7:49  Overlord  
  88  7:51  Drone x2  
  94  8:00  Drone x2  
  94  8:01  Drone x2  
  94  8:02  Overlord  
  94  8:03  Overlord  
  98  8:11  Mutalisk x3  
  104  8:14  Overseer  
  104  8:15  Pneumatized Carapace  
  104  8:16  Zerg Flyer Weapons Level 1  
  104  8:17  Mutalisk x2  
  108  8:21  Mutalisk x2  
  112  8:29  Zergling x10  
  117  8:38  Mutalisk x3  
  120  8:47  Mutalisk  
  121  8:56  Centrifical Hooks  
  121  9:00  Hatchery, Overlord  
  121  9:01  Overlord x2  
  120  9:03  Zergling x2  
  120  9:04  Zergling x12  
  127  9:10  Mutalisk  
  127  9:11  Mutalisk  
  127  9:16  Evolution Chamber  
  127  9:17  Overlord  
  130  9:39  Zergling x4  
  130  9:40  Zergling x24  
  142  9:47  Drone  
  142  9:51  Zerg Ground Armor Level 1  
  143  9:55  Hatchery  
  141  10:04  Mutalisk x2  
  141  10:05  Mutalisk x4  
  153  10:22  Zergling x16  
  153  10:24  Baneling  
  153  10:25  Baneling x8  
  159  10:28  Extractor  
  159  10:31  Extractor  
  157  10:37  Overlord  
  157  10:38  Overlord x3  
  157  10:41  Zergling x6  
  160  10:43  Drone  
  160  10:44  Drone  
  160  10:45  Drone  
  163  10:51  Baneling x5  
  163  10:52  Baneling x5  
  163  10:57  Baneling  
  163  10:58  Baneling x8  
  163  11:07  Zergling x2  
  163  11:08  Zergling x12  
  164  11:19  Baneling x4  
  164  11:20  Baneling x14  
  164  11:21  Zergling x2  
  164  11:22  Zergling x2  
  166  11:27  Zergling x2  
  166  11:28  Zergling x8  
Show
View Real Time Build Order
Export as new Build Order

Nathanias Terran 

Build Orders:  

Get SALT Encoding   

  12  0:00  SCV  
  13  0:12  SCV  
  14  0:17  Supply Depot  
  14  0:25  SCV  
  15  0:39  SCV  
  15  0:41  Barracks  
  16  0:45  Refinery  
  16  0:51  SCV  
  17  0:59  Barracks  
  17  1:03  SCV  
  18  1:15  SCV  
  19  1:29  Reaper  
  19  1:30  Orbital Command  
  20  1:40  Supply Depot  
  20  1:45  Barracks  
  20  1:47  Reaper  
  20  1:52  Refinery  
  21  1:57  SCV  
  22  2:09  Reaper  
  22  2:10  SCV  
  22  2:15  Barracks  
  24  2:22  Reaper  
  25  2:23  SCV  
  26  2:35  SCV, Reaper  
  28  2:38  Barracks  
  28  2:44  Reaper  
  28  2:46  Supply Depot  
  29  2:52  SCV  
  30  3:01  Reaper  
  31  3:08  SCV, Reaper  
  33  3:13  Reaper  
  33  3:17  Reaper  
  35  3:20  SCV  
  35  3:23  Supply Depot  
  36  3:28  Reaper  
  36  3:32  SCV  
  38  3:44  SCV, Reaper  
  40  3:52  Reaper  
  41  3:56  Reaper  
  42  4:05  Reaper  
  42  4:23  Reaper x2  
  41  4:39  Command Center x2  
  40  4:51  Reaper x2  
  42  5:07  Barracks Tech Lab  
  42  5:08  Barracks Tech Lab  
  42  5:17  Barracks  
  42  5:18  Barracks  
  34  5:31  Marine x3, Marauder x2  
  37  5:36  Factory  
  37  5:39  Concussive Shells  
  37  5:45  SCV  
  37  5:49  Bunker  
  38  5:52  Orbital Command  
  38  5:57  SCV  
  38  5:59  Marauder  
  38  6:02  Marauder  
  43  6:09  SCV  
  43  6:13  Marine x3  
  46  6:21  Marine x2, Marauder  
  46  6:23  Marauder  
  52  6:26  Starport  
  52  6:31  Marine  
  53  6:34  SCV  
  54  6:41  Factory Tech Lab  
  54  6:42  Orbital Command  
  54  6:55  Marauder, Marine x2  
  54  6:56  Marauder  
  54  6:59  Marine  
  54  7:00  Marine  
  61  7:03  Supply Depot  
  61  7:04  Supply Depot  
  61  7:11  Medivac  
  61  7:12  Refinery  
  63  7:19  Marine x3  
  63  7:20  Marauder, Marine  
  69  7:26  SCV x2  
  69  7:29  SCV, Supply Depot  
  72  7:34  Barracks Tech Lab  
  72  7:35  Marauder  
  74  7:40  Siege Tank  
  77  7:48  SCV  
  78  7:53  Marine  
  78  7:54  Marauder, Marine x3  
  84  7:59  Engineering Bay  
  84  8:01  SCV  
  85  8:10  Supply Depot  
  85  8:13  Medivac  
  85  8:16  SCV  
  88  8:21  Engineering Bay  
  88  8:22  Refinery  
  88  8:27  Stimpack  
  88  8:28  Barracks Reactor  
  88  8:33  SCV x2  
  90  8:35  SCV  
  91  8:47  Missile Turret  
  91  8:48  Orbital Command  
  91  8:51  Missile Turret  
  91  8:53  Missile Turret x2  
  81  8:55  Missile Turret  
  81  9:05  Barracks Tech Lab, Marauder  
  81  9:06  Barracks Reactor, Marine  
  81  9:07  Marine  
  85  9:18  Combat Shields, Missile Turret  
  85  9:21  SCV x3  
  85  9:22  Barracks Reactor, Missile Turret  
  88  9:25  Terran Infantry Weapons Level 1  
  88  9:27  Terran Infantry Armor Level 1  
  87  9:40  Refinery  
  87  9:41  Marauder x2  
  87  9:43  Missile Turret  
  91  9:46  Marauder x2  
  91  9:48  SCV x3  
  91  9:52  Armory  
  98  9:54  Marine x2  
  100  10:00  SCV  
  100  10:03  Starport Reactor  
  100  10:06  Supply Depot  
  101  10:07  Supply Depot  
  101  10:13  Supply Depot  
  101  10:20  SCV  
  101  10:27  SCV x2, Marine x2  
  101  10:28  Supply Depot, Marauder x2  
  109  10:29  Marauder x2  
  109  10:33  SCV  
  109  10:34  Marine x3  
  117  10:39  SCV, Medivac  
  120  10:46  Starport, Medivac  
  120  10:48  SCV  
  120  10:49  Missile Turret, Marauder  
  127  10:50  Marine, Factory Reactor, Marauder  
  127  10:51  Marine, Missile Turret, Marauder  
  131  11:00  Marine x2  
  133  11:06  Supply Depot  
  133  11:07  Supply Depot  
  133  11:08  Supply Depot  
  133  11:15  Marine x2  
  132  11:23  Marine  
  133  11:27  Marine x3  
  133  11:28  Missile Turret  
  133  11:29  Supply Depot  
  137  11:33  Missile Turret  
Tags
 
Add a new tag
Caveats
  • Supply blocks, unpowered buildings, or Contaminate may cause inaccurate times.
  • Supply counts are checked every 10 seconds.